Map: Dusk Towers

Players

IIIIIIIIIIII (HateMe) - Winner!

  • Race: Zerg Zerg
  • League: Grandmaster

Miszu

  • Race: Terran Terran
  • League: Master

VOD

Have the link to the VOD?

Description

Time

  • Played on: April 23, 2016, 2:10 p.m.
  • Length: 16:42
Show
View Real Time Build Order
Export as new Build Order

IIIIIIIIIIII Zerg - Winner!

Build Orders: Hatch First 

Get SALT Encoding   

  12  0:02  Drone  
  13  0:13  Overlord  
  13  0:17  Drone  
  14  0:32  Drone x2  
  16  0:39  Drone  
  17  0:51  Hatchery  
  17  0:55  Drone  
  17  1:00  Drone  
  17  1:01  Extractor  
  17  1:14  Spawning Pool  
  17  1:17  Drone  
  17  1:20  Drone  
  18  1:31  Drone  
  19  1:41  Drone  
  20  1:50  Hatchery  
  20  1:53  Drone  
  20  2:01  Drone  
  20  2:03  Metabolic Boost  
  20  2:05  Drone  
  22  2:12  Zergling x2  
  23  2:17  Queen  
  23  2:22  Zergling x2  
  26  2:26  Zergling x2  
  26  2:27  Drone  
  28  2:36  Overlord  
  28  2:54  Queen  
  28  2:55  Drone x4  
  34  3:02  Queen, Drone  
  37  3:07  Pneumatized Carapace  
  37  3:22  Overlord  
  37  3:24  Drone x4  
  37  3:25  Drone  
  42  3:30  Overlord  
  42  3:40  Drone x5  
  47  3:47  Overlord  
  47  3:51  Baneling Nest  
  47  3:53  Drone, Evolution Chamber  
  47  3:54  Drone  
  47  3:56  Drone  
  47  3:58  Drone  
  47  4:00  Drone  
  47  4:02  Drone  
  51  4:03  Drone  
  51  4:04  Drone  
  51  4:07  Drone  
  51  4:08  Drone  
  55  4:12  Overlord  
  55  4:14  Drone x2  
  55  4:16  Drone  
  59  4:17  Drone  
  59  4:18  Drone  
  59  4:19  Drone  
  59  4:21  Drone  
  59  4:22  Drone  
  63  4:26  Extractor  
  63  4:27  Zerg Melee Weapons Level 1  
  62  4:31  Overlord  
  62  4:39  Overlord  
  62  4:41  Queen  
  62  4:43  Drone x8  
  72  4:46  Baneling  
  72  4:47  Baneling x3  
  72  4:55  Drone  
  72  4:57  Lair  
  72  4:59  Overlord  
  73  5:01  Zergling x2  
  73  5:02  Zergling x4  
  73  5:06  Zergling x2  
  73  5:07  Zergling x4  
  79  5:08  Hatchery  
  79  5:11  Zergling x2  
  79  5:12  Zergling x6  
  82  5:15  Zergling x2  
  82  5:16  Zergling x2  
  84  5:27  Overlord  
  84  5:29  Drone x4  
  84  5:30  Baneling x2  
  84  5:31  Baneling x3, Drone  
  89  5:36  Drone x2  
  90  5:47  Baneling x2  
  90  5:49  Extractor  
  88  5:50  Extractor  
  88  5:51  Extractor  
  88  5:52  Extractor  
  88  5:56  Overlord  
  85  5:57  Centrifical Hooks, Evolution Chamber  
  85  5:58  Drone  
  85  5:59  Drone x10  
  85  6:03  Zergling x2  
  85  6:04  Zergling x2  
  96  6:06  Baneling  
  96  6:14  Zergling x6  
  96  6:16  Baneling x3  
  99  6:23  Zergling x20  
  99  6:25  Queen  
  109  6:27  Zergling x6  
  109  6:28  Zerg Ground Armor Level 1  
  109  6:31  Baneling x3  
  109  6:32  Zergling x2, Baneling  
  107  6:40  Zerg Melee Weapons Level 2  
  106  6:55  Infestation Pit, Drone x14  
  106  6:58  Extractor x2  
  106  7:00  Overlord x3  
  117  7:05  Hatchery  
  117  7:08  Zergling x8  
  120  7:12  Hatchery  
  119  7:17  Overlord x2  
  119  7:20  Zergling x4  
  121  7:27  Zergling x22  
  121  7:29  Baneling x14  
  132  7:30  Baneling x9  
  132  7:33  Hive  
  132  7:34  Zergling x8  
  136  7:41  Zergling x6  
  139  7:45  Spire, Baneling  
  139  7:46  Baneling x3  
  139  7:50  Overlord  
  139  7:51  Overlord, Zergling x2  
  138  7:52  Zergling x2  
  138  7:54  Baneling x6  
  138  7:55  Zergling x2  
  141  8:02  Zergling x2  
  141  8:03  Zergling x20  
  152  8:06  Zergling x2  
  142  8:16  Zergling x8  
  132  8:22  Zergling x2  
  132  8:23  Zergling x8  
  132  8:26  Zerg Ground Armor Level 2  
  136  8:30  Drone x3  
  136  8:32  Overlord, Extractor  
  136  8:33  Zergling x2  
  136  8:34  Zergling x6  
  139  8:41  Overseer  
  139  8:43  Zergling x10  
  139  8:46  Zergling x6  
  141  8:49  Overseer  
  140  8:59  Baneling  
  140  9:00  Zergling x2, Baneling x16  
  140  9:01  Zergling x18  
  149  9:04  Greater Spire  
  149  9:08  Zergling x2  
  149  9:09  Zergling x12  
  156  9:13  Adrenal Glands  
  155  9:27  Hatchery  
  155  9:31  Zerg Melee Weapons Level 3  
  150  9:37  Corruptor x4  
  150  9:38  Corruptor  
  160  9:41  Corruptor  
  156  9:50  Corruptor  
  156  9:51  Corruptor  
  151  10:17  Extractor, Brood Lord x3  
  151  10:18  Extractor, Zergling x2  
  151  10:19  Zergling x48  
  180  10:23  Baneling  
  180  10:24  Baneling x9  
  169  10:31  Zergling x14  
  165  10:38  Zergling x2  
  165  10:39  Zergling x14  
  162  10:43  Brood Lord  
  162  10:47  Brood Lord  
  136  10:57  Brood Lord  
  136  11:01  Baneling x6  
  136  11:03  Zergling x2  
  136  11:04  Zergling x8  
  138  11:31  Corruptor x3, Hatchery  
  143  11:35  Zergling x2  
  143  11:36  Zergling x6  
  147  11:48  Zergling x18  
  132  12:02  Zergling x10  
  130  12:09  Zergling x4  
  126  12:18  Zergling x4  
  128  12:32  Zergling x16  
  135  12:37  Baneling  
  135  12:38  Baneling x9  
  135  12:43  Queen  
  137  12:44  Zergling x2  
  137  12:45  Zergling x12, Hatchery  
  137  12:46  Baneling x3  
  143  12:53  Hatchery  
  143  12:57  Zergling x10  
  134  13:03  Zergling x4  
  133  13:07  Zergling x6  
  133  13:12  Zergling x18  
  137  13:13  Zergling x6  
  128  13:21  Zerg Ground Armor Level 3  
  128  13:25  Zergling x8  
  128  13:26  Zergling x4  
  124  13:28  Corruptor  
  124  13:29  Corruptor x3  
  124  13:32  Baneling  
  124  13:33  Baneling x8  
  132  13:42  Overseer  
  132  13:48  Baneling  
  132  13:49  Baneling x12  
  132  13:52  Corruptor x2  
  131  14:02  Zergling x2  
  122  14:03  Zergling x12  
  115  14:14  Zergling x20  
  116  14:26  Brood Lord x2  
  116  14:27  Brood Lord  
  116  14:29  Baneling x7  
  122  14:34  Zergling x8  
  126  14:39  Zergling x10  
  127  14:46  Zergling x16  
  126  14:56  Zergling x16  
  126  14:57  Zergling x4  
  131  15:11  Brood Lord x5  
  131  15:13  Corruptor  
  141  15:18  Corruptor  
  145  15:28  Corruptor  
  145  15:29  Corruptor x3  
  145  15:35  Corruptor x2  
  155  15:42  Zergling x12  
  154  15:51  Zergling x18  
  161  16:03  Corruptor x3  
Show
View Real Time Build Order
Export as new Build Order

Miszu Terran 

Build Orders: Reaper Expand, MMM Bio 

Get SALT Encoding   

  12  0:01  SCV  
  13  0:13  SCV  
  14  0:17  Supply Depot  
  14  0:25  SCV  
  15  0:39  SCV  
  15  0:42  Barracks  
  16  0:45  Refinery  
  16  0:51  SCV  
  17  1:03  SCV  
  18  1:15  SCV  
  19  1:28  Orbital Command  
  19  1:29  Reaper  
  20  1:39  Command Center  
  20  1:49  Supply Depot  
  20  1:54  SCV  
  21  2:01  Marine  
  21  2:06  SCV  
  23  2:13  Factory  
  23  2:19  SCV  
  24  2:30  Barracks Reactor  
  24  2:31  SCV  
  25  2:42  Command Center  
  26  2:44  SCV  
  26  2:52  Orbital Command  
  26  2:56  SCV  
  27  3:08  SCV  
  28  3:15  Barracks Tech Lab, Barracks  
  28  3:16  Hellion x2  
  28  3:18  SCV  
  33  3:20  SCV  
  33  3:30  SCV  
  33  3:32  SCV  
  33  3:33  Marine  
  36  3:34  Stimpack  
  36  3:43  SCV  
  36  3:44  SCV  
  36  3:45  Barracks, Factory Reactor  
  36  3:46  Refinery  
  38  3:53  Orbital Command  
  38  3:55  SCV  
  39  3:56  SCV  
  39  3:57  Marine  
  41  4:07  SCV  
  41  4:08  SCV  
  43  4:10  Engineering Bay, Refinery x2  
  43  4:13  Engineering Bay  
  43  4:15  Marine  
  43  4:16  Marine  
  43  4:17  Marine  
  45  4:19  SCV  
  45  4:20  Orbital Command  
  45  4:21  SCV  
  48  4:30  Factory Reactor  
  49  4:31  SCV  
  49  4:33  SCV  
  49  4:34  Marine  
  49  4:35  Starport, Marine  
  52  4:42  Marine  
  52  4:43  Marine, SCV  
  52  4:45  SCV  
  56  4:47  SCV  
  56  4:50  Terran Infantry Weapons Level 1, Terran Infantry Armor Level 1  
  59  4:55  SCV  
  61  5:02  SCV x2  
  61  5:05  Supply Depot x2  
  61  5:06  Supply Depot  
  60  5:07  SCV  
  61  5:15  Barracks  
  61  5:16  Barracks  
  61  5:18  Factory Reactor  
  61  5:26  Marine x3, Medivac, SCV x3  
  61  5:27  Medivac  
  71  5:31  Supply Depot  
  71  5:33  Marine  
  71  5:34  Marine  
  73  5:37  Combat Shields  
  73  5:38  SCV x3  
  68  5:48  Marine  
  68  5:49  Marine x2  
  67  5:51  Marine, SCV x3  
  67  5:54  Armory  
  71  5:58  Marine  
  71  6:03  SCV x3  
  75  6:06  Marine  
  75  6:07  Barracks Reactor x2  
  76  6:11  Marine  
  76  6:12  Marine x2  
  76  6:15  Marine, SCV x3  
  83  6:24  Marine  
  84  6:25  Supply Depot  
  84  6:27  SCV x3  
  84  6:29  Marine x2  
  84  6:30  Marine  
  90  6:33  Marine  
  90  6:37  Supply Depot  
  90  6:39  SCV x3  
  83  6:42  Marine  
  83  6:45  Terran Infantry Armor Level 2, Terran Infantry Weapons Level 2  
  80  6:48  Marine x3  
  80  6:50  Marine  
  80  6:51  SCV x3  
  87  6:55  Medivac x2  
  87  6:56  Widow Mine x2  
  95  7:03  SCV x3  
  98  7:09  Supply Depot  
  98  7:11  Supply Depot  
  98  7:14  Marine x2  
  102  7:15  SCV x2  
  102  7:17  Barracks  
  102  7:19  Barracks x2  
  102  7:20  Marauder, Concussive Shells  
  102  7:22  Marine  
  105  7:24  Widow Mine  
  105  7:25  Widow Mine  
  109  7:30  SCV  
  109  7:31  SCV  
  109  7:33  Supply Depot  
  109  7:35  Supply Depot  
  109  7:36  Marine x6  
  117  7:39  Marine  
  117  7:42  Marauder  
  117  7:43  Refinery, Marine  
  121  7:50  Medivac x2  
  125  7:54  Marine x2  
  127  8:02  Marine x6, Widow Mine  
  127  8:03  Hellion, Marauder  
  139  8:06  Barracks Tech Lab  
  139  8:12  Marine x2  
  135  8:18  SCV  
  135  8:19  SCV  
  124  8:20  Marine x6  
  124  8:24  Widow Mine  
  124  8:25  Marauder  
  124  8:26  Barracks Tech Lab  
  124  8:27  Barracks Tech Lab  
  124  8:29  Marauder  
  124  8:30  Marine  
  124  8:31  Marine, Widow Mine  
  130  8:37  Marine  
  130  8:40  Supply Depot  
  130  8:41  Supply Depot  
  131  8:42  Command Center  
  131  8:46  Marauder  
  131  8:48  Medivac x2  
  132  8:52  Widow Mine  
  132  8:53  Marine, Marauder  
  132  8:54  Marine  
  128  8:56  SCV x2  
  128  8:58  SCV  
  128  8:59  Widow Mine  
  128  9:01  Marine x2  
  127  9:07  Marauder  
  127  9:08  SCV  
  127  9:09  SCV  
  131  9:18  Medivac  
  131  9:19  Marine  
  131  9:20  Marauder x2  
  131  9:21  Marauder  
  131  9:22  Marine  
  131  9:24  SCV  
  142  9:25  SCV  
  142  9:29  Marauder  
  144  9:35  SCV  
  144  9:36  Marine, SCV  
  144  9:37  Marine x2, SCV  
  149  9:41  Marauder x2  
  146  9:46  Supply Depot, Marine  
  146  9:49  Marine  
  146  9:50  Marine  
  146  9:51  Marine x4  
  153  9:54  Marine, SCV x3  
  153  9:56  Marine x2  
  154  10:02  Marine x2  
  154  10:06  SCV  
  157  10:07  SCV x2  
  159  10:18  SCV  
  159  10:19  SCV x2  
  158  10:30  SCV  
  158  10:31  SCV  
  156  10:38  Marine  
  156  10:39  Marine x5  
  156  10:40  Marine x5  
  165  10:51  Marine, Widow Mine  
  165  10:54  Command Center  
  165  10:56  Marine  
  135  10:57  Marine x2  
  135  10:58  Marine  
  135  10:59  Marine x3, Marauder  
  143  11:07  Marine x3  
  143  11:09  Marine  
  146  11:14  SCV x2  
  146  11:15  SCV  
  146  11:17  Viking x2  
  144  11:24  Marine  
  144  11:25  Marine x3  
  148  11:26  SCV x2  
  148  11:27  SCV  
  148  11:30  Marine x2  
  154  11:38  Supply Depot x2, SCV  
  154  11:39  SCV x2  
  153  11:50  SCV  
  114  12:06  Viking x2  
  103  12:21  Marine x8  
  103  12:22  Marine x4  
  113  12:36  Viking x2  
  116  12:39  Marine x10  
  116  12:43  Planetary Fortress  
  110  13:06  Viking, Medivac  
  89  13:15  Marine x5  
  89  13:16  Marine x7  
  93  13:30  Orbital Command  
  93  13:32  Marine  
  93  13:33  Marine x5  
  99  13:34  Marine x6  
  99  13:39  Orbital Command  
  105  13:50  Marine  
  105  13:51  Marine x5  
  105  13:52  Marine x6  
  112  14:08  Marine  
  112  14:09  Marine x5  
  103  14:10  Marine x6  
  101  14:26  Marine x5  
  101  14:27  Marine x5  
  98  14:58  Marauder  
  99  15:01  Marine x6  
  99  15:02  Marine x5, Widow Mine x2  
  99  15:03  Orbital Command  
  114  15:11  Viking x2  
  117  15:19  Marine x4  
  121  15:28  Marine  
  122  15:29  Marine  
  122  15:32  Marine  
  122  15:33  Marine x5  
  128  15:36  Marine  
  128  15:37  Refinery, Marine x3  
  128  15:41  Viking  
  125  15:54  Marine  
  118  16:00  Marine  
  118  16:01  Marine x10  
  97  16:12  Marine  
  87  16:18  Marine  
  87  16:19  Marine x3  
Tags
 
Add a new tag
Caveats
  • Supply blocks, unpowered buildings, or Contaminate may cause inaccurate times.
  • Supply counts are checked every 10 seconds.